 Dungeon Crawl Stone Soup version 0.28.0 (webtiles) character file.

Game seed: 13251538152478599221

3461 H0rd4k the Thaumaturge (level 9, 0/47 HPs)
             Began as a Deep Elf Hedge Wizard on Feb 16, 2022.
             Was an Initiate of Gozag.
             Slain by a killer bee (7 damage)
             ... on level 8 of the Dungeon on Feb 17, 2022.
             The game lasted 00:20:16 (11693 turns).

H0rd4k the Thaumaturge (Deep Elf Hedge Wizard)     Turns: 11693, Time: 00:20:18

Health: 0/47       AC:  3    Str:  7    XL:     9   Next: 78%
Magic:  20/26      EV: 13    Int: 24    God:    Gozag
Gold:   992        SH:  0    Dex: 14    Spells: 19/31 levels left

rFire   . . .      SeeInvis .   a - +0 dagger
rCold   . . .      Faith    .   u - orb {*channel}
rNeg    . . .      Spirit   .   b - +0 robe
rPois   .          Reflect  .   c - +0 hat
rElec   .          Harm     .   (no cloak)
rCorr   .          Rampage  .   (no gloves)
Will    .....                   p - +0 pair of boots {Fly}
Stlth   ++........              (no amulet)
HPRegen 0.15/turn               (no ring)
MPRegen 0.20/turn               (no ring)

@: on blink cooldown, flying
A: no striking features
a: Renounce Religion, Potion Petition, Call Merchant, Bribe Branch


You were on level 8 of the Dungeon.
You worshipped Gozag.
Gozag was pleased with you.
You visited 1 branch of the dungeon, and saw 9 of its levels.

You collected 1030 gold pieces.
You paid 38 gold pieces to Gozag.

Inventory:

Hand Weapons
 a - a +0 dagger (weapon)
Armour
 b - a +0 robe (worn)
 c - a +0 hat (worn)
 p - a +0 pair of boots of flying (worn)
 u - an orb of energy (worn)
Jewellery
 A - a ring of fire
Wands
 x - a wand of acid (4)
 y - a wand of iceblast (4)
 B - a wand of charming (11)
Scrolls
 d - 3 scrolls of blinking {unknown}
 e - 2 scrolls of immolation {unknown}
 f - 3 scrolls of torment {unknown}
 g - a scroll of fear {unknown}
 j - a scroll of fog {unknown}
 k - a scroll of magic mapping {unknown}
 l - 3 scrolls of noise {unknown}
 n - a scroll of enchant armour {unknown}
 r - 3 scrolls of identify {unknown}
 s - 3 scrolls of teleportation
 t - a scroll of holy word {unknown}
 v - a scroll of amnesia {unknown}
 C - 2 scrolls of silence {unknown}
 D - a scroll of enchant weapon {unknown}
Potions
 h - a potion of flight {unknown}
 i - 2 potions of attraction {unknown}
 m - 2 potions of lignification {unknown}
 o - 4 potions of might {unknown}
 q - a potion of ambrosia {unknown}
 w - 2 potions of resistance {unknown}


   Skills:
 + Level 1.0 Fighting
 + Level 4.1 Dodging
 + Level 2.5 Stealth
 + Level 11.5 Spellcasting
 + Level 7.2 Conjurations
 + Level 1.1 Summonings
 * Level 4.3 Translocations
 - Level 3.6 Fire Magic
 - Level 3.3 Air Magic
 - Level 4.5 Poison Magic
 + Level 3.7 Evocations


You had 19 spell levels left.
You knew the following spells:

 Your Spells              Type           Power      Damage    Failure   Level
a - Magic Dart            Conj           100%       1d8       1%          1
b - Blink                 Tloc           68%        N/A       1%          2
c - Conjure Flame         Conj/Fire      39%        6-21      1%          3
d - Mephitic Cloud        Conj/Pois/Air  38%        N/A       1%          3
e - Lesser Beckoning      Tloc           34%        N/A       2%          3

Your spell library contained the following spells:

 Spells                   Type           Power      Damage    Failure   Level
 Gell's Gravitas          Tloc           34%        N/A       2%          3
 Teleport Other           Tloc           34%        N/A       2%          3
 Corpse Rot               Necr/Air       42%        N/A       3%          2
 Slow                     Hex            52%        N/A       4%          1
 Call Imp                 Summ           19%        N/A       4%          2
 Dispel Undead            Necr           13%        3d9       41%         4
 Dispersal                Tloc           17%        N/A       75%         6
 Death Channel            Necr           6%         N/A       100%        6
 Disjunction              Tloc           17%        N/A       100%        8


Dungeon Overview and Level Annotations

Branches:
Dungeon (9/15)             Temple (0/1) D:7
   Lair: D:8-11         Orc: D:9-12

Altars:
Ashenzari
Elyvilon
Gozag
Qazlal
Sif Muna
Trog

Annotations:
D:3 exclusion: downstairs
D:4 exclusion: downstairs
D:7 exclusions: 2 downstairs and 2 more exclusions


Message History

Weird images run through your mind.
You are confused.
The killer bee is engulfed in noxious fumes.
The killer bee appears confused.
The killer bee stings you. x2
You're too confused to cast spells.
Okay, then.
Unknown command.
Unknown command.
You feel stable enough to blink again. The killer bee closely misses you.
The killer bee stings you but does no damage.
You miss the killer bee. The killer bee stings you!
The killer bee stings you but does no damage.
The killer bee stings you. The killer bee closely misses you.
The killer bee stings you.
Unknown command.
You bump into the rock wall.
You feel less confused. The killer bee stings you!
* * * LOW HITPOINT WARNING * * *
You are poisoned.
The killer bee poisons you! The killer bee barely misses you.
The killer bee stings you.
* * * LOW HITPOINT WARNING * * *
You are lethally poisoned!
The killer bee poisons you!
Casting: Mephitic Cloud (safe; 1% risk of failure)
Confirm with . or Enter, or press ? or * to list all spells.
You blink.
* * * LOW HITPOINT WARNING * * *
You feel very sick.
Unknown command.
You feel better. The killer bee stings you.
* * * LOW HITPOINT WARNING * * *
The killer bee stings you!
* * * LOW HITPOINT WARNING * * *
The killer bee stings you!
You die...
Your body crumbles into a pile of gold.

# ##....# #. .....####
###.## # #y.......
#○...§####.# #....#
.#.....#....# #....# ##
...._....######....#...#
##.....#...<........#
#§...☼####.##yyy#.## ###
###.## #.##.@##.# [..
#.. #....y##>## #.# #.
#..#.####.###.# #
#.....####...#
#......####.## $
#..!...$....#
##...y.###### #....##
#.#.##


You could see 5 killer bees.

Vanquished Creatures
  4 centaur zombies
  A wraith (D:8)
  A wyvern (D:7)
  2 water moccasins
  An orc warrior (D:7)
  3 black bears (D:6)
  An ice beast (D:6)
  A necrophage (D:4)
  2 ogres (D:7)
  4 centaurs
  A kobold brigand (D:6)
  2 scorpions (D:4)
  A wyvern skeleton (D:7)
  A water moccasin skeleton (D:5)
  4 wights (D:7)
  3 killer bees (D:7)
  2 orc priests
  5 jellies
  3 gnoll shamans
  A bullfrog skeleton (D:5)
  A centaur skeleton (D:7)
  5 hounds
  Jessica (D:2)
  4 iguanas
  Terence (D:2)
  3 orc wizards
  A howler monkey zombie (D:7)
  A howler monkey skeleton (D:7)
  7 gnolls
  An adder (D:4)
  3 white imps (D:7)
  An ufetubus (D:6)
  An adder skeleton (D:4)
  2 worms
  4 dart slugs
  10 orcs
  2 endoplasms
  2 giant cockroaches (D:3)
  4 goblins
  A hobgoblin (D:4)
  A jackal (D:3)
  12 kobolds
  6 quokkas
  11 ball pythons
  5 bats
  3 frilled lizards
  5 rats
141 creatures vanquished.

Notes
Turn   | Place    | Note
-------+----------+-------------------------------------------
     0 | D:1      | H0rd4k the Deep Elf Hedge Wizard began the quest for the
                  | Orb.
     0 | D:1      | Reached XP level 1. HP: 10/10 MP: 7/7
   625 | D:1      | Reached skill level 5 in Spellcasting
   907 | D:2      | Reached XP level 2. HP: 15/15 MP: 2/10
  1332 | D:2      | Found a faded altar of an unknown god.
  1377 | D:2      | Noticed Terence
  1433 | D:3      | Reached XP level 3. HP: 9/19 MP: 1/12
  1436 | D:3      | Learned a level 2 spell: Blink
  1440 | D:3      | Learned a level 3 spell: Conjure Flame
  1444 | D:3      | Learned a level 3 spell: Mephitic Cloud
  1854 | D:3      | Found an opulent altar of Gozag.
  1913 | D:3      | Became a worshipper of Gozag Ym Sagoz the Greedy
  2087 | D:3      | Found a shimmering blue altar of Sif Muna.
  2306 | D:3      | Noticed a scorpion
  3162 | D:2      | Killed Terence
  3163 | D:2      | Reached XP level 4. HP: 24/24 MP: 5/13
  3321 | D:2      | Reached skill level 6 in Spellcasting
  3523 | D:2      | Noticed Jessica
  3530 | D:2      | Killed Jessica
  3819 | D:4      | Killed a scorpion
  3820 | D:4      | Reached skill level 1 in Fire Magic
  3820 | D:4      | Reached skill level 1 in Air Magic
  3820 | D:4      | Reached skill level 1 in Poison Magic
  3820 | D:4      | Reached XP level 5. HP: 28/28 MP: 4/15
  4296 | D:4      | Reached XP level 6. HP: 32/32 MP: 7/17
  4552 | D:4      | Found a white marble altar of Elyvilon.
  5087 | D:5      | Entered Level 5 of the Dungeon
  5100 | D:5      | Reached skill level 7 in Spellcasting
  5352 | D:5      | Reached XP level 7. HP: 5/36 MP: 10/20
  5910 | D:5      | Reached skill level 8 in Spellcasting
  6410 | D:5      | Reached XP level 8. HP: 39/41 MP: 17/22
  6412 | D:5      | Reached skill level 5 in Conjurations
  6582 | D:5      | Found a broken altar of Ashenzari.
  6638 | D:5      | Found a bloodstained altar of Trog.
  7130 | D:6      | Reached skill level 1 in Evocations
  7442 | D:6      | Reached skill level 9 in Spellcasting
  8437 | D:7      | Reached XP level 9. HP: 42/46 MP: 4/24
  9020 | D:7      | Learned a level 3 spell: Lesser Beckoning
  9153 | D:7      | Reached skill level 10 in Spellcasting
  9504 | D:7      | Found a staircase to the Ecumenical Temple.
 10684 | D:7      | Noticed a seven-headed hydra
 10684 | D:7      | Noticed a six-headed hydra
 10684 | D:7      | Noticed a purple ugly thing
 10826 | D:7      | Reached skill level 11 in Spellcasting
 11244 | D:7      | Noticed a cyclops
 11295 | D:8      | Found a stormy altar of Qazlal.
 11446 | D:8      | Reached skill level 1 in Fighting
 11693 | D:8      | Slain by a killer bee

Illustrated notes

Levels and vault maps discovered:
D:1:      lemuel_arrival_lava_pool, layout_loops_ring
D:2:      layout_loops_cross, basic_ecumenical_altar, uniq_terence, uniq_jessica
D:3:      layout_loops_corners, overflow_temple_1_default,
          nicolae_gozag_seed_capital, minmay_close_crescents
D:4:      layout_loops_cross, elyvilon_altar_1, kennysheep_generic_room_6
D:5:      layout_cave_pools, cheibrodos_ashenzari_chains,
          mainiacjoe_overflow_small_starburst, chequers_serial_rivers_small_a
D:6:      layout_cave_pods
D:7:      nzn_winding_woodlands_three_and_one
          [nzn_winding_woodlands_5x15_sawtooth,
          nzn_winding_woodlands_5x15_sidewinder,
          nzn_winding_woodlands_5x15_twine,
          nzn_winding_woodlands_center_pierced_h], layout_loops_ring,
          minmay_temple_entry_from_below_a, minmay_misc_feat_encased
D:8:      layout_loops_ring, grunt_qazlal_clouds
D:9:      layout_irregular_city, david_orc_2, ebering_ghost_rock_garden,
          serial_shops, shop, minmay_misc_feat_ornament

Skill      XL: |  1  2  3  4  5  6  7  8  9 |
---------------+----------------------------+-----
Spellcasting   | 5 6 7 8 9 11 | 11.5
Dodging        | 3 4 |  4.1
Conjurations   | 2 3 4 6 7 |  7.2
Fire Magic     | 1 2 3 |  3.6
Air Magic      | 1 2 3 |  3.3
Poison Magic   | 1 2 3 4 |  4.5
Evocations     | 2 3 |  3.7
Translocations | 2 4 |  4.3
Fighting       | 1 |  1.0
Stealth        | |  2.5
Summonings     | |  1.1

Action                   |  1- 3 |  4- 6 |  7- 9 || total
-------------------------+-------+-------+-------++-------
Melee: Dagger            |    10 |       |     3 ||    13
       Punch             |     1 |       |       ||     1
 Cast: Magic Dart        |   113 |    96 |   319 ||   528
       Conjure Flame     |     1 |    12 |    35 ||    48
       Mephitic Cloud    |     1 |     3 |    16 ||    20
       Blink             |       |     5 |     4 ||     9
       Lesser Beckoning  |       |       |    12 ||    12
Evoke: Wand              |       |       |     1 ||     1
  Use: Potion            |     4 |     1 |     2 ||     7
       Scroll            |     2 |       |       ||     2
Armor: Robe              |    12 |     3 |    13 ||    28
Dodge: Dodged            |    55 |    15 |    82 ||   152
